 Dungeon Crawl Stone Soup version 0.21.1-72-gffa868e0fe (webtiles) character file.

402 H0rd4k the Charlatan (level 7, -5/49 HPs)
             Began as a Human Artificer on Aug 3, 2018.
             Slain by an orc warrior
             ... wielding a +0 hand axe
              (12 damage)
             ... on level 7 of the Dungeon on Aug 4, 2018.
             The game lasted 00:17:29 (4074 turns).

H0rd4k the Charlatan (Human Artificer)              Turns: 4074, Time: 00:17:32

Health: -5/49      AC:  5    Str: 17    XL:     7   Next: 11%
Magic:  9/9        EV: 13    Int: 12    God:
Gold:   173        SH:  0    Dex: 13    Spells: 6/6 levels left

rFire    . . .     SeeInvis .   D - +0 short sword (drain)
rCold    . . .     Gourm    .   (no shield)
rNeg     . . .     Faith    +   F - +2 leather armour {rPois}
rPois    +         Spirit   .   (no helmet)
rElec    .         Reflect  .   (no cloak)
rCorr    +         Harm     .   (no gloves)
MR       .....                  (no boots)
Stlth    ++........             t - amulet of faith
HPRegen  0.16/turn              p - ring of resist corrosion
MPRegen  0.11/turn              q - +3 ring of strength

@: no status effects
A: no striking features
a: no special abilities


You were on level 7 of the Dungeon.
You were not hungry.

You visited 1 branch of the dungeon, and saw 7 of its levels.

You collected 173 gold pieces.

Inventory:

Hand Weapons
 a - a +0 short sword
 g - a cursed +0 hunting sling
 o - a +0 hunting sling
 x - a +0 shortbow
 D - a +0 short sword of draining (weapon)
Missiles
 k - 59 sling bullets
 n - 50 bolts
 E - 40 arrows
 I - 3 poisoned tomahawks (quivered)
 J - 8 tomahawks
Armour
 b - a +0 leather armour
 r - a +0 buckler
 v - a +0 large shield
 F - a +2 leather armour of poison resistance (worn)
Jewellery
 p - a ring of resist corrosion (left hand)
 q - a +3 ring of strength (right hand)
 t - an amulet of faith (around neck)
Wands
 c - a wand of flame (9)
 d - a wand of enslavement (15)
 e - a wand of random effects (14)
 s - a wand of acid (5)
Scrolls
 h - 3 scrolls of magic mapping
 j - a scroll of identify
 l - a scroll of teleportation
 u - a scroll of fog
 C - a scroll of fear {unknown}
 G - a scroll of noise {unknown}
Potions
 i - a potion of invisibility
 m - a potion of ambrosia {unknown}
 w - a potion of agility
 z - a potion of lignification
 A - a potion of might
Books
 H - a book of Maledictions

   Spells                             Type                      Level
   a - Corona                         Hexes                        1
   b - Ensorcelled Hibernation        Hexes/Ice                    2
   c - Confuse                        Hexes                        3
   d - Tukima's Dance                 Hexes                        3
   e - Dazzling Spray                 Conjuration/Hexes            3
Comestibles
 f - 5 rations


   Skills:
 + Level 1.9 Fighting
 + Level 3.5 Short Blades
 * Level 1.8 Throwing
 + Level 2.9 Armour
 + Level 3.2 Dodging
 + Level 2.3 Stealth
 + Level 3.5 Evocations


You had 6 spell levels left.
You didn't know any spells.

Dungeon Overview and Level Annotations

Branches:
Dungeon (7/15)             Temple (0/1) D:6

Altars:
Elyvilon
Fedhas
Hepliaklqana
Makhleb
Sif Muna
Trog
Uskayaw
Vehumet
Xom
Zin

Shops:
D:6 ?

Annotations:
D:2 exclusion: downstairs
D:3 exclusion: downstairs
D:4 exclusion: player ghost, Pieper's ghost, novice GrFi
D:5 Dowan; Duvessa
D:6 exclusion: downstairs


Message History

The ice beast hits you but does no damage.
The orc hits you with a flail of protection.
The gnoll closely misses you. The hound skeleton misses you.
The orc closely misses you. The gnoll misses you.
You open the large door. The hound skeleton barely misses you.
The orc hits you with a flail of protection.
The gnoll hits you with a flail! The gnoll barely misses you.
The hound skeleton bites you.
There is a large open door here.
There is a large open door here.
There is an escape hatch in the floor here.
The ice beast hits you but does no damage.
You slide downwards.
The hatch slams shut behind you.
The orc warrior hits you with a hand axe!
* * * LOW HITPOINT WARNING * * *
The orc wizard gestures wildly while chanting.
The orc wizard seems to speed up.
The orc misses you.
The orc warrior hits you with a hand axe!
You die...

### ..#########
..(.......#
......o..#
#.........
##.####........#
./.....oo....?.#
#<@...[<.#
.......#.Y.#####
#.##c#.#o.## #
#o#o.# .....#
o...## .....#
....##


You could see an orc warrior, an ice beast, a centaur, an orc priest, an orc
wizard and 2 orcs.

Vanquished Creatures
  2 scorpions
  A centaur zombie (D:5)
  An orc priest (D:3)
  2 hounds (D:4)
  An iguana (D:4)
  A worker ant (D:5)
  3 gnolls (D:6)
  3 adders
  An ooze (D:3)
  An adder zombie (D:5)
  A worm (D:3)
  2 leopard geckos
  4 orcs
  3 giant cockroaches
  4 goblins
  7 hobgoblins
  13 jackals
  6 quokkas
  4 bats
  5 kobolds
  A leopard gecko skeleton (D:6)
  4 rats
70 creatures vanquished.

Notes
Turn   | Place    | Note
-------+----------+-------------------------------------------
     0 | D:1      | H0rd4k the Human Artificer began the quest for the Orb.
     0 | D:1      | Reached XP level 1. HP: 15/15 MP: 3/3
   102 | D:1      | Reached XP level 2. HP: 14/21 MP: 4/4
   539 | D:2      | Reached skill level 1 in Armour
   665 | D:2      | Reached XP level 3. HP: 9/26 MP: 5/5
   700 | D:2      | Found a white marble altar of Elyvilon.
  1338 | D:2      | Found a burning altar of Makhleb.
  1340 | D:2      | Found a glowing silver altar of Zin.
  1340 | D:2      | Noticed a blizzard demon
  1340 | D:2      | Noticed an angel
  1720 | D:3      | Reached XP level 4. HP: 28/32 MP: 6/6
  2585 | D:3      | Reached XP level 5. HP: 33/37 MP: 7/7
  2609 | D:3      | Found a hazy altar of Hepliaklqana.
  2756 | D:4      | Found a hide-covered altar of Uskayaw.
  2770 | D:4      | Noticed an ogre
  2908 | D:4      | Found a blossoming altar of Fedhas.
  2908 | D:4      | Found a radiant altar of Vehumet.
  2909 | D:4      | Found a deep blue altar of Sif Muna.
  2910 | D:4      | Found a shimmering altar of Xom.
  2931 | D:4      | Reached skill level 1 in Throwing
  2931 | D:4      | Reached XP level 6. HP: 22/43 MP: 8/8
  3292 | D:4      | Noticed Pieper's ghost (novice GrFi)
  3317 | D:5      | Entered Level 5 of the Dungeon
  3317 | D:5      | Noticed Dowan
  3389 | D:5      | Found a bloodstained altar of Trog.
  3589 | D:5      | Noticed Duvessa
  3629 | D:5      | Reached XP level 7. HP: 26/49 MP: 9/9
  3685 | D:6      | Found a staircase to the Ecumenical Temple.
  3934 | D:6      | Upgraded the game from 0.21.1-68-g103a7afc0a to 0.21.1-72-gffa868e0fe
  4016 | D:6      | Found Xiseexzo's Magic Scroll Boutique.
  4074 | D:7      | Slain by an orc warrior

Skill      XL: |  1  2  3  4  5  6 |
---------------+-------------------+-----
Armour         | 1 2 |  2.9
Short Blades   | 2 3 |  3.5
Throwing       | 1 |  1.8
Dodging        | 3 |  3.2
Stealth        | 2 |  2.3
Fighting       | |  1.9
Evocations     | |  3.5

Action                   |  1- 3 |  4- 6 |  7- 9 || total
-------------------------+-------+-------+-------++-------
Melee: Short sword       |   179 |   183 |    18 ||   380
Throw: Tomahawk          |       |     6 |       ||     6
Evoke: Wand              |     1 |     6 |       ||     7
  Use: Scroll            |       |     8 |       ||     8
       Potion            |       |     4 |       ||     4
 Stab: Invisible         |       |     1 |       ||     1
       Sleeping          |       |       |     1 ||     1
  Eat: Chunk             |     3 |     3 |     1 ||     7
       Ration            |       |     1 |       ||     1
Armor: Leather armour    |    46 |    38 |     9 ||    93
Dodge: Dodged            |   131 |   124 |    31 ||   286
